 Dungeon Crawl Stone Soup version 0.27-a0-1149-g4505690ab0 (webtiles) character file.

Game seed: 15178441083401883914

8050 tilp the Frost Mage (level 10, -17/78 HPs)
             Began as a Demigod Ice Elementalist on May 12, 2021.
             Killed from afar by a gargoyle (18 damage)
             ... with a stone arrow
             ... on level 10 of the Dungeon.
             The game lasted 00:28:27 (15535 turns).

tilp the Frost Mage (Demigod Ice Elementalist)     Turns: 15535, Time: 00:28:28

Health: -17/78     AC: 15    Str:  9    XL:     10   Next: 76%
Magic:  20/21      EV: 12    Int: 29    God:
Gold:   469        SH:  5    Dex: 14    Spells: 4/19 levels left

rFire    + . .     SeeInvis .   a - +3 war axe of Premature Burial {flame, rElec rN+}
rCold    . . .     Faith    .   d - +0 buckler
rNeg     + . .     Spirit   .   k - +0 leather armour {rPois}
rPois    +         Reflect  .   (no helmet)
rElec    +         Harm     .   w - +0 cloak
rCorr    .         Rampage  .   r - +0 pair of gloves
Will     ++...                  z - +1 pair of boots
Stlth    ++........             (no amulet)
HPRegen  0.23/turn              b - ring of protection from fire
MPRegen  0.17/turn              t - ring of willpower

@: ice-armoured
A: high mp 1, forlorn
a: no special abilities


You were on level 10 of the Dungeon.
You visited 1 branch of the dungeon, and saw 10 of its levels.

You collected 469 gold pieces.

Inventory:

Hand Weapons
 a - the +3 war axe of Premature Burial (weapon) {flame, rElec rN+}
   (You found it on level 5 of the Dungeon)

   It has been specially enchanted to burn those struck by it, causing extra
   injury to most foes and up to half again as much damage against particularly
   susceptible opponents.
   Big, fiery blades are also staple armaments of hydra-hunters.
   It insulates you from electricity.
   It protects you from negative energy.
 n - a +3 dagger of distortion
 o - a +0 vampiric whip
 s - a +1 dagger of electrocution
Missiles
 e - 7 curare-tipped darts {!f}
 q - 36 poisoned darts (quivered)
 A - 9 boomerangs
Armour
 d - a +0 buckler (worn)
 g - a +0 robe of positive energy
 k - a +0 leather armour of poison resistance (worn)
 r - a +0 pair of gloves (worn)
 w - a +0 cloak (worn)
 z - a +1 pair of boots (worn)
Jewellery
 b - a ring of protection from fire (left hand)
 i - a ring of see invisible
 t - a ring of willpower (right hand)
Wands
 p - a wand of iceblast (18)
 x - a wand of digging (4)
 y - a wand of polymorph (21)
Scrolls
 f - 2 scrolls of teleportation
 m - 2 scrolls of amnesia
 v - 3 scrolls of identify
 B - a scroll of summoning
 E - a scroll of fog
Potions
 c - 4 potions of attraction
 h - a potion of ambrosia
 j - a potion of heal wounds
 l - 2 potions of lignification
 u - 3 potions of resistance
 C - a potion of curing
 D - a potion of mutation


   Skills:
 - Level 4.0 Fighting
 - Level 4.0 Dodging
 - Level 4.0 Stealth
 - Level 4.0 Shields
 + Level 5.3 Spellcasting
 - Level 4.0 Conjurations
 - Level 4.0 Summonings
 + Level 10.7 Ice Magic
 - Level 4.0 Evocations


You had 4 spell levels left.
You knew the following spells:

 Your Spells              Type           Power      Damage    Failure   Level
a - Freeze                Ice            100%       1d11      1%          1
b - Frozen Ramparts       Ice            100%       1d12      1%          3
c - Ozocubu's Armour      Ice            63%        N/A       1%          3
d - Hailstorm             Conj/Ice       50%        3d11      4%          4
e - Summon Ice Beast      Ice/Summ       50%        N/A       4%          4

Your spell library contained the following spells:

 Spells                   Type           Power      Damage    Failure   Level
 Summon Small Mammal      Summ           100%       N/A       1%          1
 Call Imp                 Summ           30%        N/A       2%          2
 Call Canine Familiar     Summ           30%        N/A       4%          3
 Animate Skeleton         Necr           14%        N/A       9%          1
 Apportation              Tloc           14%        N/A       9%          1
 Corona                   Hex            7%         N/A       9%          1
 Conjure Flame            Conj/Fire      19%        6-21      11%         3
 Summon Guardian Golem    Hex/Summ       19%        N/A       11%         3
 Poisonous Vapours        Pois/Air       14%        N/A       13%         2
 Mephitic Cloud           Conj/Pois/Air  15%        N/A       14%         3
 Summon Lightning Spire   Summ/Air       19%        N/A       36%         4
 Metabolic Englaciation   Hex/Ice        19%        N/A       26%         5
 Freezing Cloud           Conj/Ice/Air   18%        6-21      86%         6


Dungeon Overview and Level Annotations

Branches:
Dungeon (10/15)            Temple (0/1) D:4            Lair (0/6) D:8
    Orc (0/2) D:9

Annotations:
D:5 harkkk's ghost, novice MiFi


Innate Abilities, Weirdness & Mutations

Your attributes grow dramatically as you level up.
You have an increased reservoir of magic. (+10% MP)
You shall have no god before yourself.


Message History

Found a shadowy altar of Dithmenos.
Found 10 bolts.
A gargoyle comes into view. It is wielding a +0 flail.
Casting: Hailstorm (dangerous; 4% risk of failure)
Confirm with . or Enter, or press ? or * to list all spells.
A film of ice covers your body! The gargoyle closely misses you.
Unknown command.
You hit the gargoyle but do no damage.
The gargoyle hurls a stone arrow at you.
The stone arrow misses you.
You barely miss the gargoyle.
The gargoyle hits you but does no damage.
The gargoyle hits you with a +0 flail.
You hit the gargoyle but do no damage. The gargoyle hits you with a +0 flail!!
You hit the gargoyle but do no damage. You block the gargoyle's attack.
The gargoyle hurls a stone arrow at you.
The stone arrow hits you.
Unknown command.
You barely miss the gargoyle. You block the gargoyle's attack.
Unknown command.
You slash the gargoyle! You burn the gargoyle.
The gargoyle is moderately damaged.
The gargoyle hits you but does no damage.
You block the gargoyle's attack.
You hit the gargoyle but do no damage.
The gargoyle is moderately damaged.
The gargoyle hurls a stone arrow at you.
The stone arrow hits you!!
* * * LOW HITPOINT WARNING * * *
You are too injured to fight recklessly!
Unknown command.
You are too injured to fight recklessly!
You hit the gargoyle but do no damage.
The gargoyle is moderately damaged.
The gargoyle hurls a stone arrow at you.
The stone arrow hits you!!
* * * LOW HITPOINT WARNING * * *
The gargoyle hurls a stone arrow at you.
The stone arrow hits you!!
You die...

..# #.##.# #...
.<...# #§.. ......#
§§..§ ......#
§.§.(.§
.####.#§§......§###
.# #..........§§.#
.# #..§..._......#
.# ...........@.#
.## #§...§.§§.#9#
..# #.§§§§§§####
#.#######.§§§§##
......####...##
#####........#
##########


You could see a gargoyle.

Vanquished Creatures
  A two-headed ogre (D:9)
  A hornet (D:9)
  2 wyverns
  10 yaks
  A basilisk (D:8)
  A steam dragon (D:7)
  An acid dragon (D:9)
  2 water moccasins
  9 orc warriors
  2 ice beasts
  A black bear (D:8)
  A sky beast (D:7)
  2 centaurs (D:7)
  A bullfrog (D:8)
  2 kobold brigands
  A gnoll sergeant (D:8)
  2 scorpions (D:6)
  A water moccasin zombie (D:6)
  12 killer bees
  5 wights (D:7)
  A howler monkey (D:8)
  A crimson imp (D:6)
  2 bullfrog zombies (D:5)
  3 centaur zombies
  4 hounds (D:5)
  A jelly (D:8)
  6 orc priests
  A centaur skeleton (D:7)
  A bullfrog skeleton (D:6)
  2 gnoll shamans
  3 iguanas
  7 orc wizards
  Natasha (thrice) (D:3)
  2 killer bee zombies (D:6)
  A scorpion simulacrum (D:5)
  2 hound skeletons (D:5)
  A killer bee simulacrum (D:5)
  A howler monkey zombie (D:7)
  12 gnolls
  7 adders
  An ufetubus (D:4)
  2 dart slugs
  An adder simulacrum (D:5)
  35 orcs
  3 endoplasms
  6 giant cockroaches
  7 goblins
  11 hobgoblins
  27 jackals
  A quokka (D:5)
  6 ball pythons
  6 bats
  2 frilled lizards (D:1)
  26 kobolds
  9 rats
262 creatures vanquished.

Vanquished Creatures (collateral kills)
  A cyclops (D:7)
  An elephant (D:8)
2 creatures vanquished.

Vanquished Creatures (others)
  A kobold (D:4)
  50 plants
51 creatures vanquished.

Grand Total: 315 creatures vanquished

Notes
Turn   | Place    | Note
-------+----------+-------------------------------------------
     0 | D:1      | tilp the Demigod Ice Elementalist began the quest for the
                  | Orb.
     0 | D:1      | Reached XP level 1. HP: 14/14 MP: 5/5
   608 | D:1      | Reached skill level 4 in Ice Magic
   614 | D:1      | Reached XP level 2. HP: 19/20 MP: 4/7
  1232 | D:1      | Reached XP level 3. HP: 23/26 MP: 5/8
  1236 | D:1      | Learned a level 3 spell: Ozocubu's Armour
  2270 | D:2      | Reached XP level 4. HP: 31/33 MP: 4/10
  2276 | D:2      | Learned a level 3 spell: Frozen Ramparts
  2629 | D:3      | Reached skill level 5 in Ice Magic
  2872 | D:3      | Reached XP level 5. HP: 38/38 MP: 7/12
  3219 | D:3      | Noticed a necrophage
  3407 | D:3      | Noticed Natasha
  3410 | D:3      | Killed Natasha
  3736 | D:3      | Noticed Natasha
  3748 | D:3      | Killed Natasha
  3846 | D:3      | Noticed Natasha
  3854 | D:3      | Killed Natasha
  4399 | D:4      | Reached skill level 6 in Ice Magic
  4818 | D:4      | Reached XP level 6. HP: 14/45 MP: 3/14
  5090 | D:4      | Learned a level 4 spell: Hailstorm
  5278 | D:4      | Found a staircase to the Ecumenical Temple.
  5728 | D:5      | Entered Level 5 of the Dungeon
  6056 | D:5      | Found a runed translucent gate.
  6057 | D:5      | Found a runed translucent gate.
  6058 | D:5      | Found a runed translucent gate.
  6145 | D:5      | Noticed a wyvern
  6154 | D:5      | Killed a wyvern
  6155 | D:5      | Reached skill level 1 in Conjurations
  6155 | D:5      | Reached skill level 7 in Ice Magic
  6155 | D:5      | Reached XP level 7. HP: 43/50 MP: 5/16
  6505 | D:5      | Noticed harkkk's ghost (novice MiFi)
  7320 | D:6      | Noticed a yak
  7333 | D:6      | Killed a yak
  7334 | D:6      | Reached skill level 8 in Ice Magic
  7396 | D:6      | Noticed a yak
  7396 | D:6      | Noticed a yak
  7398 | D:6      | Noticed a yak
  7409 | D:6      | Noticed a yak
  7410 | D:6      | Killed a yak
  7411 | D:6      | Reached skill level 1 in Fighting
  7411 | D:6      | Reached XP level 8. HP: 59/59 MP: 8/17
  9348 | D:7      | Reached XP level 9. HP: 57/69 MP: 9/18
 10131 | D:5      | Identified the -1 tower shield of Insatiable Hunger {Dex+2}
 10145 | D:5      | Learned a level 4 spell: Summon Ice Beast
 10151 | D:5      | Identified the +3 war axe of Premature Burial {flame, rElec
                  | rN+}
 10730 | D:7      | Reached skill level 1 in Summonings
 11525 | D:7      | Noticed a cyclops
 11530 | D:7      | Killed a cyclops
 11531 | D:7      | Reached skill level 9 in Ice Magic
 12127 | D:8      | Found a staircase to the Lair.
 12127 | D:8      | Noticed an elephant
 12144 | D:8      | Killed an elephant
 12145 | D:8      | Reached XP level 10. HP: 40/78 MP: 7/19
 12385 | D:8      | Reached skill level 10 in Ice Magic
 14371 | D:9      | Found a staircase to the Orcish Mines.
 15085 | D:9      | Reached skill level 5 in Spellcasting
 15241 | D:9      | Noticed a two-headed ogre
 15247 | D:9      | Killed a two-headed ogre
 15481 | D:10     | Entered Level 10 of the Dungeon
 15535 | D:10     | HP: 1/78 [gargoyle/stone arrow (25)]
 15535 | D:10     | Killed from afar by a gargoyle

Illustrated notes

Levels and vault maps discovered:
D:1:      tarquinn_simple_flora_water_a, layout_loops_ring
D:2:      layout_rooms, serial_rivers, chequers_serial_rivers_small_b,
          chequers_serial_rivers_micro_e, chequers_serial_rivers_micro_e,
          chequers_serial_rivers_large_b, chequers_serial_rivers_micro_d,
          chequers_serial_rivers_room_a, basic_altar
D:3:      layout_loops_ring, grunt_gozag_statues, lemuel_tele_altar,
          uniq_natasha
D:4:      kennysheep_kobold_camp, layout_loops_ring,
          minmay_temple_entry_statues_pillars, kennysheep_generic_room_11
D:5:      minmay_octagon_keep, layout_cave_pools, lemuel_coloured_pillars_altar,
          gammafunk_ghost_icy
D:6:      layout_cave_pods, makhleb_grotto_becter
D:7:      layout_cave_pods, marbit_many_paths, serial_column_ruins,
          column_ruins_square_large, column_ruins_hut_ruined,
          column_ruins_open_tiny, column_ruins_grid_1, column_ruins_grid_1,
          minmay_between
D:8:      layout_cave_pods, kennysheep_little_box, david_lair_generic,
          serial_glass, glass_columns_a, glass_columns_b, due_unseen_surprise,
          minmay_strange_pillars, minmay_strange_pillars,
          minmay_strange_pillars, minmay_bent
D:9:      layout_irregular_city, david_orc_5, minmay_misc_feat_encased
D:10:     layout_basic, regret_index_temple_of_mockery,
          nicolae_dithmenos_the_darkroom, nicolae_qazlal_general_emergency,
          st_stairs_11

Skill      XL: |  1  2  3  4  5  6  7  8  9 10 |
---------------+-------------------------------+-----
Spellcasting   | 2 3 4 5 |  5.3
Ice Magic      | 4 5 6 7 8 9 10 | 10.7
Conjurations   | 1 2 4 |  4.0
Shields        | 2 4 |  4.0
Fighting       | 1 3 4 |  4.0
Dodging        | 2 4 |  4.0
Stealth        | 2 3 4 |  4.0
Evocations     | 4 |  4.0
Summonings     | 2 4 |  4.0

Action                   |  1- 3 |  4- 6 |  7- 9 | 10-12 || total
-------------------------+-------+-------+-------+-------++-------
Melee: Dagger            |    19 |    90 |   264 |       ||   373
       Short sword       |       |       |     7 |       ||     7
       War axe           |       |       |    64 |    88 ||   152
Throw: Stone             |     8 |     5 |       |       ||    13
       Dart              |       |     8 |    43 |    12 ||    63
 Cast: Freeze            |    70 |    66 |    36 |     4 ||   176
       Ozocubu's Armour  |     3 |    13 |    31 |    20 ||    67
       Frozen Ramparts   |       |    16 |    20 |    12 ||    48
       Hailstorm         |       |       |     8 |    19 ||    27
       Summon Ice Beast  |       |       |     3 |     1 ||     4
Evoke: Wand              |       |     1 |     4 |       ||     5
  Use: Scroll            |     4 |     3 |     6 |     4 ||    17
       Potion            |       |     2 |     1 |     1 ||     4
 Stab: Sleeping          |     7 |     7 |     1 |       ||    15
Armor: Robe              |     8 |    36 |    88 |       ||   132
       Leather armour    |       |       |    57 |    45 ||   102
Dodge: Dodged            |    32 |    61 |   143 |    60 ||   296
Block: Buckler           |       |       |    54 |    32 ||    86

Table legend: (Time is in decaauts)
 A = Elapsed time spent in this place.
 B = Non-inter-level travel time spent in this place.
 C = Inter-level travel time spent in this place.
 D = Time resting spent in this place.
 E = Time spent auto-exploring this place.
 F = Levels seen in this place.
 G = Mean time per level.
                   A        B        C        D        E       F      G
               +--------+--------+--------+--------+--------+-----+--------+
         Total |  15524 |  14936 |    588 |   4504 |   8264 |  10 | 1552.4 |
       Dungeon |  15524 |  14936 |    588 |   4504 |   8264 |  10 | 1552.4 |
               +--------+--------+--------+--------+--------+-----+--------+

Top non-repeatable levels by time:
     D:8: 2464 daAuts
     D:6: 2306 daAuts
     D:7: 1887 daAuts
     D:5: 1717 daAuts
     D:1: 1688 daAuts
     D:3: 1633 daAuts
     D:4: 1399 daAuts
     D:9: 1343 daAuts
     D:2: 1027 daAuts
    D:10: 57 daAuts
